 Dungeon Crawl Stone Soup version 0.23.0 (webtiles) character file.

Game seed: 18242525634875960084

217 chequers the Slasher (level 5, -1/41 HPs)
             Began as a Demonspawn Berserker on Feb 10, 2019.
             Was a Believer of Trog.
             Slain by an ogre
             ... wielding a +0 giant spiked club
              (30 damage)
             ... on level 4 of the Dungeon.
             The game lasted 00:03:13 (2914 turns).

chequers the Slasher (Demonspawn Berserker)         Turns: 2914, Time: 00:03:13

Health: -1/41      AC:  5    Str: 18    XL:     5   Next: 62%
Magic:  5/5        EV: 11    Int:  8    God:    Trog [**....]
Gold:   115        SH:  0    Dex: 13    Spells: 4/4 levels left

rFire    . . .     SeeInvis .   a - +1 falchion
rCold    . . .     Gourm    .   (no shield)
rNeg     . . .     Faith    .   k - +0 ring mail (curse)
rPois    .         Spirit   .   (helmet restricted)
rElec    .         Reflect  .   (no cloak)
rCorr    .         Harm     .   (no gloves)
MR       .....                  (no boots)
Stlth    ..........             h - amulet of magic regeneration
HPRegen  0.13/turn              p - ring of attention (curse)
MPRegen  0.34/turn              (no ring)

@: berserk cooldown, slowed, very slow
A: horns 2
a: Berserk, Trog's Hand, Renounce Religion


You were on level 4 of the Dungeon.
You worshipped Trog.
Trog was pleased with you.
You were very hungry.

You visited 1 branch of the dungeon, and saw 4 of its levels.

You collected 115 gold pieces.

Inventory:

Hand Weapons
 a - a +1 falchion (weapon)
Missiles
 i - 3 javelins (quivered)
Armour
 g - a +0 chain mail
 k - a cursed +0 ring mail (worn)
Jewellery
 h - an amulet of magic regeneration (around neck)
 p - a cursed ring of attention (left hand)
Wands
 n - a wand of digging (3)
Scrolls
 q - a scroll of enchant weapon
 s - a scroll of teleportation
Potions
 b - a potion of agility {unknown}
 e - a potion of invisibility {unknown}
 f - 2 potions of heal wounds {unknown}
 j - a potion of brilliance
 l - a potion of berserk rage
 m - a potion of ambrosia
 o - a potion of curing
Comestibles
 c - 8 rations
 d - a chunk of flesh


   Skills:
 - Level 3.0 Fighting
 + Level 5.8 Long Blades
 - Level 1.7 Armour
 - Level 1.7 Dodging


You had 4 spell levels left.
You didn't know any spells.
Your spell library was empty.

Dungeon Overview and Level Annotations

Branches:
Dungeon (4/15)
 Temple: D:4-7

Altars:
Nemelex Xobeh


Innate Abilities, Weirdness & Mutations

You have a pair of horns on your head.


Message History

You hit the orc.
The orc is moderately wounded.
The orc hits you but does no damage. x2; The orc closely misses you.
You barely miss the orc.
The orc is moderately wounded.
The orc hits you with a cursed -2 dagger.
An ogre comes into view. It is wielding a +0 giant spiked club.
The orc hits you with a +0 flail.
You slash the orc!
You kill the orc!
Trog accepts your kill. The orc hits you but does no damage. x2
You slash the orc!
You kill the orc!
Trog accepts your kill.
You hit the ogre.
The ogre is lightly wounded.
The ogre hits you with a +0 giant spiked club!!
Ouch! That really hurt!
You die...

#######.# ####.).....# #.
#.........^.# #.
#.##.#..###.# #..
#.##........# #..
#.##......>.# #...
#)###...#...###
###...#####)###.÷.#......
........O@.)......)......
........)......#.........
............##..<......[.
###...#########.#........
#..... #.#.....### #.#..
#.##≈≈.≈≈# # #.O ...
≈#+#≈# .o #.# .+ ..# o#$
#.# ≈# .#


You could see an ogre.

Vanquished Creatures
  An ogre (D:4)
  7 adders
  2 dart slugs (D:1)
  3 leopard geckos
  5 orcs (D:4)
  A giant cockroach (D:3)
  3 goblins (D:1)
  4 hobgoblins
  6 jackals (D:1)
  6 kobolds
  A quokka (D:3)
  A ball python (D:1)
  8 bats
  2 frilled lizards
  8 rats
58 creatures vanquished.

Notes
Turn   | Place    | Note
-------+----------+-------------------------------------------
     0 | D:1      | chequers the Demonspawn Berserker began the quest for the
                  | Orb.
     0 | D:1      | Reached XP level 1. HP: 18/18 MP: 1/1
    46 | D:1      | Reached skill level 3 in Long Blades
   131 | D:1      | Gained mutation: You have a pair of small horns on your
                  | head. [demonic ancestry]
   131 | D:1      | Reached XP level 2. HP: 24/24 MP: 2/2
  1026 | D:1      | Reached XP level 3. HP: 24/29 MP: 3/3
  1281 | D:2      | Reached skill level 4 in Long Blades
  1463 | D:2      | Found a sparkling altar of Nemelex Xobeh.
  1735 | D:3      | Reached ** piety under Trog
  1804 | D:3      | Reached XP level 4. HP: 20/35 MP: 4/4
  2603 | D:3      | Found a sparkling altar of Nemelex Xobeh.
  2743 | D:4      | Reached skill level 5 in Long Blades
  2886 | D:4      | Noticed an ogre
  2903 | D:4      | Killed an ogre
  2903 | D:4      | Gained mutation: You have a pair of horns on your head.
                  | [demonic ancestry]
  2903 | D:4      | Reached XP level 5. HP: 41/41 MP: 5/5
  2911 | D:4      | Noticed an ogre
  2914 | D:4      | Slain by an ogre

Skill      XL: |  1  2  3  4 |
---------------+-------------+-----
Long Blades    | 3 4 5 |  5.8
Fighting       | |  3.0
Armour         | |  1.7
Dodging        | |  1.7

Action                   |  1- 3 |  4- 6 || total
-------------------------+-------+-------++-------
Melee: Falchion          |   112 |    66 ||   178
       Headbutt          |    16 |     9 ||    25
Invok: Berserk           |       |     1 ||     1
  Use: Scroll            |     7 |     3 ||    10
  Eat: Chunk             |     3 |     3 ||     6
Armor: Animal skin       |     7 |       ||     7
       Ring mail         |    37 |    22 ||    59
Dodge: Dodged            |    69 |    31 ||   100
       Rpst.: Falchion   |    21 |     5 ||    26
